Map: Odyssey LE

Players

SamuraiFunn - Winner!

  • Race: Protoss Protoss
  • League: Platinum
  • Spawn Location: 5:00

A.I. 1 (Harder)

  • Race: Terran Terran
  • Spawn Location: 11:00

VOD

Have the link to the VOD?

Description

Time

  • Played on: Dec. 1, 2017, 8:09 p.m.
  • Length: 14:30
Show
View Real Time Build Order
Export as new Build Order

SamuraiFunn Protoss - Winner!

Build Orders:  

Get SALT Encoding   

  12  0:01  Probe  
  13  0:20  Pylon  
  13  0:23  Probe  
  14  0:35  Probe (Chrono Boost)  
  15  0:44  Gateway  
  15  0:47  Probe (Chrono Boost)  
  16  0:55  Probe (Chrono Boost)  
  17  1:01  Probe  
  18  1:05  Assimilator  
  18  1:09  Pylon  
  18  1:13  Probe  
  19  1:25  Probe  
  20  1:37  Probe  
  20  1:38  Cybernetics Core  
  21  1:40  Zealot  
  23  1:49  Probe  
  24  1:59  Nexus  
  24  2:04  Probe  
  25  2:13  Assimilator  
  25  2:16  Probe  
  25  2:19  Zealot  
  25  2:21  Warp Gate (Chrono Boost)  
  28  2:28  Probe  
  29  2:40  Probe  
  29  2:43  Pylon  
  30  2:56  Gateway  
  30  3:00  Probe  
  31  3:12  Probe  
  32  3:14  Robotics Facility, Probe  
  33  3:24  Probe  
  33  3:25  Twilight Council  
  33  3:26  Probe  
  37  3:28  Stalker  
  37  3:36  Probe  
  37  3:38  Probe  
  39  3:44  Stalker  
  39  3:46  Assimilator  
  42  3:48  Probe  
  42  3:50  Probe  
  43  3:57  Pylon  
  43  4:00  Probe  
  44  4:03  Probe  
  44  4:06  Observer  
  46  4:11  Gateway  
  46  4:12  Probe  
  46  4:15  Probe  
  48  4:21  Pylon  
  48  4:24  Probe  
  48  4:27  Probe, Observer  
  51  4:31  Stalker  
  51  4:37  Assimilator  
  53  4:42  Probe x2  
  53  4:45  Stalker  
  57  4:48  Blink (Chrono Boost)  
  57  4:52  Immortal  
  61  4:58  Probe x2  
  63  5:09  Stalker x2  
  63  5:10  Probe x2  
  69  5:17  Pylon  
  69  5:24  Probe, Gateway  
  70  5:36  Probe, Immortal  
  67  5:48  Stalker x2  
  67  5:49  Stalker  
  61  6:09  Probe x2  
  63  6:27  Stalker x2  
  63  6:28  Stalker  
  69  6:34  Nexus  
  69  6:35  Immortal  
  69  6:36  Pylon  
  69  6:39  Pylon  
  73  6:40  Probe x2  
  73  6:43  Assimilator  
  75  7:06  Robotics Facility  
  75  7:08  Stalker x4  
  77  7:14  Immortal  
  87  7:34  Probe x2  
  89  7:38  Stalker x2  
  93  7:46  Pylon  
  93  7:47  Pylon  
  93  7:48  Pylon  
  93  7:59  Probe x3  
  96  8:11  Probe x3  
  99  8:21  Immortal  
  103  8:30  Probe  
  103  8:31  Probe x2  
  106  8:38  Stalker x4  
  112  9:08  Stalker x4  
  120  9:19  Immortal x2  
  128  9:28  Gateway x2  
  128  9:33  Gateway  
  128  9:35  Gateway  
  128  9:38  Robotics Facility  
  128  9:40  Probe x3  
  128  9:42  Robotics Bay  
  128  9:45  Forge  
  131  9:46  Forge  
  131  9:48  Forge  
  131  10:00  Probe x2  
  133  10:11  Assimilator  
  133  10:13  Pylon  
  133  10:19  Pylon  
  133  10:22  Protoss Ground Weapons Level 1 (Chrono Boost), Pylon  
  133  10:23  Protoss Ground Armor Level 1 (Chrono Boost), Protoss Shields Level 1 (Chrono Boost)  
  133  10:27  Pylon  
  133  10:31  Probe x3, Immortal  
  133  10:34  Pylon  
  140  10:37  Immortal x2  
  148  10:48  Stalker x2  
  148  10:49  Stalker x5  
  162  10:59  Extended Thermal Lance (Chrono Boost)  
  162  11:07  Pylon  
  162  11:10  Colossus  
  168  11:13  Charge  
  168  11:14  Pylon  
  168  11:17  Pylon  
  168  11:20  Stalker x2  
  168  11:21  Pylon  
  168  11:24  Colossus  
  178  11:28  Pylon  
  178  11:31  Colossus  
  178  11:32  Pylon  
  184  11:36  Pylon  
  184  11:37  Stalker x4  
  184  11:38  Stalker x2  
  196  11:43  Pylon  
  196  11:50  Pylon  
  196  11:58  Protoss Ground Weapons Level 2 (Chrono Boost), Protoss Shields Level 2 (Chrono Boost), Protoss Ground Armor Level 2 (Chrono Boost)  
  162  13:34  Immortal x3  
  174  13:40  Stalker  
  174  13:41  Stalker x5  
  180  13:42  Stalker  
  184  14:07  Stalker x3  
  184  14:08  Stalker x2  
  184  14:09  Stalker  
  192  14:10  Stalker  
  192  14:11  Nexus, Stalker  
  192  14:16  Pylon  
  196  14:18  Pylon  
  196  14:20  Pylon  
  196  14:24  Assimilator  
  196  14:28  Assimilator  
Show
View Real Time Build Order
Export as new Build Order

A.I. 1 (Harder) Terran 

Build Orders: MMM Bio 

Get SALT Encoding   

  12  0:00  SCV  
  13  0:13  SCV  
  14  0:18  Supply Depot  
  14  0:25  SCV  
  15  0:39  SCV  
  16  0:44  Barracks  
  16  0:49  Refinery  
  16  0:51  SCV  
  17  1:03  SCV  
  18  1:15  SCV  
  19  1:22  Supply Depot  
  19  1:28  SCV  
  19  1:31  Marine  
  21  1:41  Barracks, Orbital Command  
  21  1:49  Barracks Tech Lab, Refinery  
  21  2:07  Supply Depot, Marine  
  22  2:26  Marauder  
  22  2:28  Marine  
  25  2:42  Supply Depot  
  25  2:45  Marine  
  25  2:47  Marine  
  27  3:01  SCV  
  27  3:03  Marine  
  27  3:05  Marauder  
  31  3:13  SCV  
  31  3:15  Engineering Bay  
  32  3:21  Marine  
  32  3:25  SCV  
  32  3:26  Marauder  
  36  3:28  Supply Depot  
  36  3:37  SCV  
  37  3:48  Marauder  
  39  3:49  SCV  
  40  4:02  SCV  
  41  4:09  Marauder  
  43  4:31  Marauder  
  45  4:54  Barracks Tech Lab  
  45  4:55  Stimpack  
  45  4:57  Factory, Marine  
  45  4:58  Ghost Academy  
  46  5:00  Factory  
  46  5:02  Supply Depot  
  46  5:11  Combat Shields  
  46  5:14  Marine x2  
  48  5:32  Marine x2  
  48  5:34  Terran Infantry Weapons Level 1  
  45  5:42  Factory Tech Lab x2  
  45  5:45  Starport  
  45  5:49  Starport, Command Center  
  39  5:50  Marine x2  
  33  6:08  Marauder  
  33  6:09  Marauder  
  37  6:21  Starport Tech Lab  
  37  6:25  Starport Tech Lab  
  37  6:30  Concussive Shells, Marauder x2  
  41  6:50  Ghost  
  41  6:51  Marine  
  41  6:52  Missile Turret  
  44  6:57  Missile Turret  
  44  7:01  SCV x2  
  46  7:09  Marauder, Refinery  
  46  7:12  Refinery  
  46  7:13  SCV  
  46  7:14  SCV  
  50  7:19  Marine  
  50  7:22  Raven  
  53  7:25  SCV  
  53  7:26  SCV  
  53  7:27  Bunker  
  53  7:28  Terran Infantry Armor Level 1  
  53  7:29  Ghost  
  57  7:37  SCV, Marine  
  57  7:38  SCV  
  60  7:45  Missile Turret  
  60  7:48  Raven  
  60  7:49  SCV  
  60  7:51  Missile Turret  
  63  7:54  SCV  
  63  7:55  Marine  
  65  7:58  Marine  
  65  8:01  SCV  
  67  8:06  SCV  
  67  8:10  Sensor Tower  
  68  8:13  SCV, Marauder  
  68  8:15  Bunker  
  71  8:20  SCV, Supply Depot  
  71  8:25  SCV  
  73  8:32  SCV  
  74  8:36  Armory  
  74  8:37  SCV  
  75  8:44  SCV  
  76  8:49  SCV, Barracks  
  76  8:54  Supply Depot  
  77  8:56  Medivac  
  79  9:10  Command Center  
  79  9:18  Viking  
  81  9:27  Viking  
  83  9:36  Supply Depot, Barracks Reactor  
  83  9:45  Factory  
  83  9:48  Banshee  
  83  9:51  Starport  
  86  9:57  Viking  
  88  10:09  Supply Depot  
  88  10:27  Medivac, Raven  
  92  10:28  Factory Tech Lab  
  92  10:31  Viking  
  94  10:41  Refinery  
  94  10:48  Refinery  
  94  10:58  Starport Reactor  
  94  11:01  Medivac, Supply Depot  
  96  11:10  Banshee  
  99  11:20  SCV  
  99  11:22  SCV  
  99  11:23  SCV  
  99  11:24  Supply Depot  
  101  11:31  Viking  
  101  11:32  SCV  
  104  11:34  SCV, Viking  
  104  11:38  Fusion Core  
  104  11:39  SCV  
  108  11:43  Viking  
  108  11:44  SCV, Terran Ship Weapons Level 1  
  111  11:49  SCV  
  111  11:50  Supply Depot  
  111  11:51  SCV  
  111  11:53  Viking  
  115  11:57  SCV  
  115  12:01  SCV, Hi-Sec Auto Tracking, Banshee  
  117  12:03  SCV  
  121  12:09  SCV  
  121  12:13  SCV  
  121  12:15  SCV  
  124  12:17  Supply Depot  
  124  12:21  SCV  
  124  12:22  Banshee  
  125  12:26  Missile Turret  
  125  12:28  Missile Turret  
  128  12:30  SCV  
  128  12:37  Engineering Bay  
  128  12:40  Armory  
  128  12:44  Banshee  
  112  12:48  Viking  
  112  12:49  Bunker  
  112  12:50  Marine  
  100  12:52  Marine  
  100  12:55  Marine  
  100  12:57  Marine  
  80  13:03  Medivac  
  80  13:05  Raven  
  75  13:09  Marauder, Siege Tank  
  75  13:10  Marine  
  75  13:12  Marine  
  83  13:14  Marine  
  83  13:15  Hellion  
  83  13:18  Viking  
  82  13:24  Hellion  
  72  13:29  Marauder  
  72  13:30  Marine, Marauder  
  72  13:32  Marine  
  72  13:33  Viking  
  53  13:48  Marine  
  42  13:49  SCV  
  42  13:50  SCV  
  42  13:55  Marine  
  33  13:56  Marine  
  33  14:02  SCV  
  30  14:04  SCV  
  30  14:05  Marine  
  30  14:07  Marine  
  29  14:14  SCV  
  29  14:16  SCV  
Tags
 
Composition
MMM Bio
League
Platinum
Matchup
PvT
Replay Pack
First 100 games
Spawn Locations
Cross Positions
Add a new tag
Caveats
  • Supply blocks, unpowered buildings, or Contaminate may cause inaccurate times.
  • Supply counts are checked every 10 seconds.